 Dungeon Crawl Stone Soup version 0.20.1-1-g8b1a95d (webtiles) character file.

148918 greenice the Slayer (level 16, -9/176 HPs)
             Began as a Minotaur Fighter on Aug 10, 2017.
             Was the Champion of Okawaru.
             Mangled by a wolf spider (15 damage)
             ... on level 2 of the Spider Nest.
             The game lasted 01:25:35 (32711 turns).

greenice the Slayer (Minotaur Fighter)             Turns: 32711, Time: 01:25:35

Health: -9/176     AC:  6    Str: 30    XL:     16   Next: 95%
Magic:  0/27       EV:  9    Int: 10    God:    Okawaru [******]
Gold:   3155       SH:  0    Dex: 17    Spells: 15/15 levels left

rFire    . . .     SeeInvis .   a - +8 long sword "Keaseadgh" {freeze, rF+ Str+5 Dex-3}
rCold    + . .     Gourm    .   v - +3 buckler of Yquoblus {rF- Dex+5}
rNeg     + . .     Faith    .   b - +0 plate armour {rPois}
rPois    +         Spirit   +   x - +1 hat of the Tuna {Int+4 Slay+2}
rElec    .         Reflect  .   O - scarf of the Queen {+Blink rC+ rN+ rCorr}
rCorr    +         Harm     .   m - +0 pair of gloves
MR       +....                  r - +0 pair of boots
Stlth    ..........             K - amulet of guardian spirit
Regen    0.4/turn               C - +4 ring of slaying
MPRegen  0.2/turn               B - ring of the Octopus King {MP+9 AC+1 EV+1 Str+1 Int+1 Dex+1}

@: confused, lethally poisoned (-9 -> -15), corroded
A: retaliatory headbutt, horns 2
a: Heroism, Finesse, Renounce Religion, Evoke Blink


You were on level 2 of the Spider Nest.
You worshipped Okawaru.
Okawaru was exalted by your worship.
You were hungry.

You visited 5 branches of the dungeon, and saw 27 of its levels.
You also visited: Labyrinth, Sewer and Bailey.

You collected 3155 gold pieces.

Inventory:

Hand Weapons
 a - the +8 long sword "Keaseadgh" (weapon) {freeze, rF+ Str+5 Dex-3}
   (Okawaru gifted it to you on level 1 of the Spider Nest)

   It has been specially enchanted to freeze those struck by it, causing extra
   injury to most foes and up to half again as much damage against particularly
   susceptible opponents.
   It can also slow down cold-blooded creatures.
   It affects your strength (+5).
   It affects your dexterity (-3).
   It protects you from fire.
 H - a +4 scimitar of freezing
 S - a +0 blowgun
Armour
 b - a +0 plate armour of poison resistance (worn)
 m - a +0 pair of gloves (worn)
 r - a +0 pair of boots (worn)
 v - the +3 buckler of Yquoblus (worn) {rF- Dex+5}
   (You found it in a labyrinth)

   It affects your dexterity (+5).
   It makes you vulnerable to fire.
 x - the +1 hat of the Tuna (worn) {Int+4 Slay+2}
   (Okawaru gifted it to you on level 2 of the Spider Nest)

   It affects your intelligence (+4).
   It affects your accuracy and damage with ranged weapons and melee attacks
   (+2).
 O - the scarf of the Queen (worn) {+Blink rC+ rN+ rCorr}
   (Okawaru gifted it to you on level 13 of the Dungeon)

   It protects you from cold.
   It protects you from negative energy.
   It lets you blink.
   It protects you from acid and corrosion.
 T - a +2 shield of reflection
Jewellery
 c - an uncursed ring of positive energy {unknown}
 h - a +5 ring of protection
 B - a ring of the Octopus King (right hand) {MP+9 AC+1 EV+1 Str+1 Int+1 Dex+1}
   (You found it on level 8 of the Dungeon)

   [ring of magical power]

   It affects your AC (+1).
   It affects your evasion (+1).
   It affects your strength (+1).
   It affects your intelligence (+1).
   It affects your dexterity (+1).
   It affects your magic capacity (+9).
 C - a +4 ring of slaying (left hand)
 K - an amulet of guardian spirit (around neck)
Wands
 o - a wand of acid (5/15)
 w - a wand of disintegration (10/24)
 M - a wand of flame (48/48)
 R - a wand of iceblast (7/15)
 X - a wand of digging (7/24)
 Y - a wand of lightning (10/15)
Scrolls
 e - 2 scrolls of acquirement
 g - 6 scrolls of enchant armour
 k - 4 scrolls of enchant weapon
 s - 4 scrolls of identify
 t - 4 scrolls of fog
 y - 5 scrolls of fear
 D - 2 scrolls of summoning
 E - 3 scrolls of blinking
 I - 4 scrolls of magic mapping
 J - 8 scrolls of remove curse
 L - 5 scrolls of teleportation
 N - a scroll of amnesia
 Z - a scroll of holy word
Potions
 d - a potion of berserk rage
 i - 7 potions of curing
 p - a potion of cancellation
 q - 6 potions of flight
 z - 9 potions of agility
 A - 7 potions of heal wounds
 F - 2 potions of resistance
 P - 4 potions of invisibility
 U - 4 potions of haste
Comestibles
 f - a meat ration
 j - 13 fruits
 n - 23 royal jellies
 G - 4 bread rations


   Skills:
 + Level 24.4 Fighting
 - Level 15.0 Long Blades
 - Level 15.1 Armour
 - Level 10.1 Shields
 - Level 4.7 Invocations


You had 15 spell levels left.
You didn't know any spells.

Dungeon Overview and Level Annotations

Branches:
Dungeon (15/15)            Temple (1/1) D:5            Lair (6/6) D:8
  Swamp (0/4) Lair:2       Spider (3/4) Lair:2        Slime (0/5) Lair:6
    Orc (2/2) D:11            Elf (0/3) Orc:2        Vaults (0/5) D:14
 Depths (0/5) D:15

Altars:
Ashenzari
Cheibriados
Dithmenos
Elyvilon
Fedhas
Gozag
Hepliaklqana
Kikubaaqudgha
Makhleb
Nemelex Xobeh
Okawaru
Qazlal
Ru
Sif Muna
Trog
Uskayaw
Vehumet
Xom
Yredelemnul
Zin
The Shining One
Beogh
Jiyva

Shops:
D:4 =   D:8 :   Orc:2 [=*(


Innate Abilities, Weirdness & Mutations

You reflexively headbutt those who attack you in melee.
You have a pair of horns on your head.


Message History

* * * LOW HITPOINT WARNING * * *
The entropy weaver hits you but does no damage.
The entropy weaver hits you.
* * * LOW HITPOINT WARNING * * *
The entropy weaver hits you but does no damage.
The soldier ant stings you but does no damage.
The tarantella bites you.
* * * LOW HITPOINT WARNING * * *
You are more confused.
You bump into the rock wall.
You feel sick. The wolf spider hits you.
* * * LOW HITPOINT WARNING * * *
The wolf spider bites you!
* * * LOW HITPOINT WARNING * * *
The entropy weaver casts a spell.
The entropic weave corrodes you! The tarantella bites you!
* * * LOW HITPOINT WARNING * * *
The soldier ant stings you!
* * * LOW HITPOINT WARNING * * *
The wolf spider hits you!
You die...

.......#.#
......^^.#
.........###
........≈#.### ###
.......≈≈..#.###≈#
......#≈...#..^≈≈###
......#.........≈≈≈#
......#........sa≈≈#
......#........a@###
...............s##
...........>.....#
..........#.....##
................#
..........:....##
...#..........##
..#........####
....####≈....#


You could see an entropy weaver, a wolf spider, a soldier ant and a tarantella.

Vanquished Creatures
  The ghost of manon the Executioner, a journeyman MiBe of Trog (Spider:1)
  2 orc warlords
  2 entropy weavers
  Snorg (Lair:6)
  A yaktaur captain (D:15)
  The ghost of galech the Grappler, a journeyman TrMo of Okawaru (Orc:2)
  Josephine (D:13)
  Harold (Lair:3)
  A fire dragon (Lair:4)
  Fannar (Lair:3)
  A minotaur (Lab)
  Erolcha (D:13)
  7 vault guards (D:14)
  A rakshasa (D:15)
  9 hydras
  2 catoblepae
  2 centaur warriors
  7 two-headed ogres
  5 death yaks
  The ghost of ThereIsNoGod the Thaumaturge, a journeyman SpEE of Sif Muna (Lair:1)
  A deep troll shaman (Lair:6)
  An ogre mage (D:15)
  2 orc high priests
  Nergalle (Lair:3)
  10 slime creatures
  A swamp dragon (Lair:2)
  2 unseen horrors
  A wizard (D:14)
  10 orb spiders
  8 orc knights
  4 orc sorcerers
  2 deep elf magi
  A wolf spider zombie (D:14)
  17 wolf spiders
  7 ugly things
  13 elephants
  2 centaur zombies
  A manticore (D:15)
  4 cyclopes
  2 moths of wrath
  3 black mambas
  2 torpor snails
  12 spiny frogs
  4 rime drakes
  A kobold demonologist (D:12)
  9 demonic crawlers
  5 komodo dragons
  A yaktaur (D:15)
  3 polar bears
  3 minotaur zombies (Lab)
  17 jumping spiders
  3 meliai
  5 trolls
  2 hornets
  10 hippogriffs
  10 blink frogs
  A shadow (D:15)
  71 yaks
  14 tarantellas
  17 redbacks
  4 wyverns
  4 hogs (D:13)
  5 basilisks
  4 fire bats (Lair:5)
  6 wraiths
  3 hungry ghosts
  A steam dragon (Lair:4)
  2 vampire mosquitoes (Lair:4)
  Menkaure (D:7)
  An insubstantial wisp (Lair:4)
  The ghost of bosm the Bolt Thrower, an amateur KoHu (D:4)
  2 soldier ants
  An acid dragon (D:15)
  4 wargs
  10 water moccasins
  11 porcupines
  Duvessa (D:7)
  43 orc warriors
  2 sky beasts
  3 black bears
  11 ogres
  2 ice beasts
  2 phantoms
  An eye of draining (D:10)
  7 wolves
  15 centaurs
  15 crocodiles
  7 big kobolds
  17 bullfrogs
  A wyvern zombie (D:9)
  6 scorpions
  Dowan (D:7)
  9 killer bees (D:10)
  30 wights
  3 howler monkeys (D:8)
  9 electric eels
  10 crimson imps
  6 jellies
  2 quasits
  15 orc priests
  2 hounds
  2 bullfrog skeletons
  7 centaur skeletons
  8 iguanas
  12 worker ants
  18 orc wizards
  2 hound zombies
  A worker ant zombie (D:5)
  17 gnolls
  8 adders
  A river rat (D:4)
  6 shadow imps
  2 white imps (D:13)
  6 oozes
  An adder skeleton (D:6)
  An adder zombie (D:7)
  3 worms
  A dart slug (D:2)
  7 leopard geckos
  79 orcs
  8 bats
  6 giant cockroaches
  26 goblins
  18 hobgoblins
  6 jackals
  43 kobolds
  6 quokkas
  7 ball pythons
  4 frilled lizards
  A quokka skeleton (D:7)
  8 rats
926 creatures vanquished.

Vanquished Creatures (others)
  Kirke (D:13)
  2 humans (D:13)
  An orc wizard (Orc:2)
  An iguana (Lair:2)
  2 kobolds (D:12)
  3 fungi
  4 plants
14 creatures vanquished.

Grand Total: 940 creatures vanquished

Notes
Turn   | Place    | Note
-------+----------+-------------------------------------------
     0 | D:1      | greenice the Minotaur Fighter began the quest for the Orb.
     0 | D:1      | Reached XP level 1. HP: 19/19 MP: 0/0
   311 | D:1      | Reached XP level 2. HP: 25/26 MP: 1/1
   628 | D:2      | You fall through a shaft!
   697 | D:3      | Found a glowing golden altar of the Shining One.
   699 | D:3      | Found a shimmering altar of Xom.
   699 | D:3      | Found a snail-covered altar of Cheibriados.
   701 | D:3      | Found a snail-covered altar of Cheibriados.
   701 | D:3      | Found a shattered altar of Ashenzari.
   701 | D:3      | Found a radiant altar of Vehumet.
   846 | D:2      | Reached XP level 3. HP: 31/31 MP: 2/2
   992 | D:2      | Found a glowing golden altar of the Shining One.
  1147 | D:2      | Reached skill level 5 in Long Blades
  1373 | D:2      | Reached XP level 4. HP: 39/39 MP: 3/3
  1903 | D:3      | Noticed a bullfrog
  1911 | D:3      | Killed a bullfrog
  1911 | D:3      | Reached XP level 5. HP: 43/45 MP: 4/4
  2129 | D:4      | Noticed bosm's ghost (amateur KoHu)
  2129 | D:4      | Found a glowing drain.
  2150 | D:4      | Killed bosm's ghost
  2150 | D:4      | Reached XP level 6. HP: 23/51 MP: 5/5
  2319 | Sewer    | Entered a sewer
  2792 | D:4      | Found Unealamp's Jewellery Boutique.
  2945 | D:4      | Reached XP level 7. HP: 43/57 MP: 6/6
  3252 | D:4      | You fall through a shaft for 3 floors!
  3414 | D:7      | Reached skill level 10 in Long Blades
  3676 | D:7      | Noticed Duvessa
  3676 | D:7      | Noticed Dowan
  3681 | D:7      | Killed Dowan
  3686 | D:7      | Killed Duvessa
  3686 | D:7      | Reached XP level 8. HP: 57/64 MP: 7/7
  3870 | D:7      | Found a stormy altar of Qazlal.
  3967 | D:7      | Noticed Menkaure
  3979 | D:7      | Killed Menkaure
  4228 | D:7      | Found a blossoming altar of Fedhas.
  4483 | D:6      | Found a sparkling altar of Nemelex Xobeh.
  5329 | D:8      | Noticed a brown ugly thing
  5341 | D:8      | Killed a brown ugly thing
  5341 | D:8      | Reached XP level 9. HP: 40/70 MP: 8/8
  5543 | D:5      | Entered Level 5 of the Dungeon
  6133 | D:5      | Found a staircase to the Ecumenical Temple.
  6161 | Temple   | Entered the Ecumenical Temple
  6375 | Temple   | Became a worshipper of Warmaster Okawaru
  7102 | D:8      | Found Reihur's Book Emporium.
  7451 | D:8      | Reached skill level 15 in Long Blades
  7452 | D:8      | Found a staircase to the Lair.
  7546 | D:8      | Reached * piety under Okawaru
  7546 | D:8      | Reached skill level 4 in Fighting
  7663 | D:8      | Reached skill level 5 in Fighting
  7689 | D:8      | Reached skill level 6 in Fighting
  7930 | D:8      | Got a ring of the Octopus King
  8003 | D:8      | Reached skill level 7 in Fighting
  8175 | Lair:1   | Entered Level 1 of the Lair of Beasts
  8177 | Lair:1   | Identified a ring of the Octopus King {MP+9 AC+1 EV+1 Str+1 Int+1 Dex+1} (You found it on level 8 of the Dungeon)
  8203 | Lair:1   | Noticed a komodo dragon
  8203 | Lair:1   | Noticed a spiny frog
  8211 | Lair:1   | Killed a komodo dragon
  8211 | Lair:1   | Reached ** piety under Okawaru
  8211 | Lair:1   | Reached XP level 10. HP: 67/88 MP: 9/9
  8215 | Lair:1   | Killed a spiny frog
  8215 | Lair:1   | Reached skill level 8 in Fighting
  8337 | Lair:1   | Noticed a death yak
  8340 | Lair:1   | Noticed a torpor snail
  8344 | Lair:1   | Killed a torpor snail
  8344 | Lair:1   | Reached skill level 9 in Fighting
  8350 | Lair:1   | Killed a death yak
  8350 | Lair:1   | Reached *** piety under Okawaru
  8350 | Lair:1   | Reached skill level 10 in Fighting
  8425 | Lair:1   | Noticed a spiny frog
  8431 | Lair:1   | Noticed a spiny frog
  8431 | Lair:1   | Killed a spiny frog
  8438 | Lair:1   | Killed a spiny frog
  8438 | Lair:1   | Reached skill level 11 in Fighting
  8466 | Lair:1   | Noticed ThereIsNoGod's ghost (journeyman SpEE)
  8474 | Lair:1   | Killed ThereIsNoGod's ghost
  8621 | Lair:1   | Reached skill level 12 in Fighting
  8627 | Lair:1   | Reached **** piety under Okawaru
  8870 | Lair:1   | Noticed a spiny frog
  8875 | Lair:1   | Killed a spiny frog
  8875 | Lair:1   | Reached skill level 13 in Fighting
  8875 | Lair:1   | Reached XP level 11. HP: 103/107 MP: 10/10
  8926 | Lair:1   | Received a gift from Okawaru
  9462 | D:9      | Reached ***** piety under Okawaru
 10062 | D:10     | Entered Level 10 of the Dungeon
 10082 | D:10     | Reached skill level 14 in Fighting
 10802 | D:10     | Received a gift from Okawaru
 11388 | D:11     | Reached skill level 15 in Fighting
 11392 | D:11     | Found a sacrificial altar of Ru.
 11401 | D:11     | Found a staircase to the Orcish Mines.
 11401 | D:11     | Noticed a red ugly thing
 11410 | D:11     | Killed a red ugly thing
 11410 | D:11     | Received a gift from Okawaru
 11421 | D:11     | Found a labyrinth entrance.
 11463 | Lab      | Entered a labyrinth
 11676 | Lab      | Noticed a minotaur
 11688 | Lab      | Killed a minotaur
 12295 | Lab      | Reached skill level 16 in Fighting
 12311 | Lab      | Got a spiked buckler
 13226 | D:12     | Found a flagged portal.
 13235 | Bailey   | Entered a bailey
 13236 | Bailey   | Identified the +3 buckler of Yquoblus {rF- Dex+5} (You found it in a labyrinth)
 13484 | Bailey   | Noticed an orc knight
 13494 | Bailey   | Killed an orc knight
 13494 | Bailey   | Reached skill level 5 in Shields
 13494 | Bailey   | Reached XP level 12. HP: 124/124 MP: 11/11
 13599 | Bailey   | Noticed an orc warlord
 13622 | Bailey   | Killed an orc warlord
 13622 | Bailey   | Received a gift from Okawaru
 13992 | D:12     | Noticed a four-headed hydra
 14005 | D:12     | Killed a nine-headed hydra
 14005 | D:12     | Reached skill level 10 in Shields
 14299 | D:12     | Noticed a two-headed ogre
 14312 | D:12     | Killed a two-headed ogre
 14312 | D:12     | Reached skill level 5 in Armour
 14401 | D:12     | Noticed a two-headed ogre
 14408 | D:12     | Killed a two-headed ogre
 15058 | D:12     | Noticed a four-headed hydra
 15065 | D:12     | Killed an eight-headed hydra
 15213 | D:13     | Noticed Erolcha
 15217 | D:13     | Reached XP level 13. HP: 130/130 MP: 12/12
 15241 | D:13     | Killed Erolcha
 15333 | D:13     | Noticed Josephine
 16266 | Lair:2   | Found a staircase to the Swamp.
 16288 | Lair:2   | Reached XP level 14. HP: 101/138 MP: 13/13
 16491 | Lair:2   | Found a hole to the Spider Nest.
 16657 | Lair:2   | Received a gift from Okawaru
 16924 | Lair:3   | Noticed Nergalle
 16931 | Lair:3   | Killed Nergalle
 16964 | Lair:3   | Noticed Harold
 16984 | Lair:3   | Killed Harold
 17566 | Lair:3   | Noticed Fannar
 17586 | Lair:3   | Killed Fannar
 17586 | Lair:3   | Reached skill level 15 in Armour
 18075 | Lair:4   | Identified a scroll of acquirement
 18141 | Lair:4   | Received a gift from Okawaru
 18824 | Lair:4   | Reached skill level 17 in Fighting
 20584 | Lair:5   | Received a gift from Okawaru
 20784 | Lair:5   | Reached skill level 18 in Fighting
 20903 | Lair:6   | Entered Level 6 of the Lair of Beasts
 21256 | Lair:6   | Received a gift from Okawaru
 21286 | Lair:6   | Got a steaming robe {god gift}
 21350 | Lair:6   | Reached ****** piety under Okawaru
 21405 | Lair:6   | Found a viscous altar of Jiyva.
 21406 | Lair:6   | Found a staircase to the Slime Pits.
 21615 | Lair:6   | Noticed Snorg
 21624 | Lair:6   | Reached skill level 19 in Fighting
 21624 | Lair:6   | Reached XP level 15. HP: 133/152 MP: 14/14
 21630 | Lair:6   | Killed Snorg
 22490 | Orc:1    | Entered Level 1 of the Orcish Mines
 22564 | Orc:2    | Entered Level 2 of the Orcish Mines
 22647 | Orc:2    | Noticed an orc warlord
 22852 | Orc:2    | Killed an orc warlord
 22852 | Orc:2    | Reached skill level 20 in Fighting
 23027 | Orc:2    | Found a roughly hewn altar of Beogh.
 23262 | Orc:2    | Paralysed by an orc sorcerer for 6 turns
 23280 | Orc:2    | Found Foletov's General Store.
 23423 | Orc:2    | Found Alafack's Antique Armour Shoppe.
 23470 | Orc:2    | Received a gift from Okawaru
 23666 | Orc:2    | Found Emmihow's Jewellery Shoppe.
 23683 | Orc:2    | Found Cifeth's Antique Weapon Shoppe.
 23724 | Orc:2    | Found a staircase to the Elven Halls.
 23882 | Orc:2    | Noticed galech's ghost (journeyman TrMo)
 23895 | Orc:2    | Killed galech's ghost
 24606 | Orc:1    | Found a roughly hewn altar of Beogh.
 25090 | D:13     | Reached skill level 21 in Fighting
 25093 | D:13     | Noticed Kirke
 25115 | D:13     | Killed Kirke
 25758 | D:13     | Killed Josephine
 25854 | D:13     | Received a gift from Okawaru
 25861 | D:13     | Got a polished scarf {god gift}
 25874 | D:13     | Identified the scarf of the Queen {+Blink rC+ rN+ rCorr} (Okawaru gifted it to you on level 13 of the Dungeon)
 26475 | D:14     | Found a gate to the Vaults.
 26508 | D:14     | Reached skill level 22 in Fighting
 26543 | D:14     | Reached XP level 16. HP: 62/169 MP: 9/15
 27239 | D:15     | Entered Level 15 of the Dungeon
 27857 | D:15     | Found a staircase to the Depths.
 27901 | D:15     | Reached skill level 23 in Fighting
 28264 | D:15     | Reached skill level 1 in Invocations
 29221 | Spider:1 | Entered Level 1 of the Spider Nest
 29225 | Spider:1 | Noticed manon's ghost (journeyman MiBe)
 30418 | Spider:1 | Killed manon's ghost
 30418 | Spider:1 | Received a gift from Okawaru
 30446 | Spider:1 | Got a blackened long sword {god gift}
 30447 | Spider:1 | Identified the +8 long sword "Keaseadgh" {freeze, rF+ Str+5 Dex-3} (Okawaru gifted it to you on level 1 of the Spider Nest)
 31361 | Spider:2 | Received a gift from Okawaru
 31365 | Spider:2 | Got a translucent hat {god gift}
 31424 | Spider:1 | Identified the +1 hat of the Tuna {Int+4 Slay+2} (Okawaru gifted it to you on level 2 of the Spider Nest)
 31687 | Spider:2 | Reached skill level 24 in Fighting
 32711 | Spider:2 | HP: 6/176 [soldier ant (9)]
 32711 | Spider:2 | Mangled by a wolf spider

Skill      XL: |  1  2  3  4  5  6  7  8  9 10 11 12 13 14 15 16 |
---------------+-------------------------------------------------+-----
Long Blades    | 3 4 5 6 8 9 11 13 15 | 15.0
Fighting       | 7 13 16 19 22 24 | 24.4
Shields        | 5 10 | 10.1
Armour         | 11 12 15 | 15.1
Invocations    | 4 |  4.7

Action                   |  1- 3 |  4- 6 |  7- 9 | 10-12 | 13-15 | 16-18 || total
-------------------------+-------+-------+-------+-------+-------+-------++-------
Melee: Long sword        |    80 |   133 |    91 |       |       |   182 ||   486
       Headbutt          |     7 |    23 |    44 |   145 |   362 |   152 ||   733
       Scimitar          |       |       |   184 |   514 |  1004 |   233 ||  1935
       Unarmed           |       |       |       |       |     5 |       ||     5
Invok: Heroism           |       |       |       |     7 |     9 |     3 ||    19
Evoke: Wand              |       |       |     1 |       |     4 |       ||     5
  Use: Scroll            |       |     1 |    15 |    11 |    12 |     4 ||    43
       Potion            |       |       |    15 |     7 |     3 |     1 ||    26
 Stab: Petrified         |       |       |       |       |     2 |       ||     2
       Petrifying        |       |       |       |       |     1 |       ||     1
  Eat: Chunk             |     2 |     5 |    14 |    16 |    20 |    11 ||    68
       Royal jelly       |       |       |     1 |     1 |       |       ||     2
       Meat ration       |       |       |       |     1 |     3 |     1 ||     5
       Fruit             |       |       |       |       |     2 |     1 ||     3
       Bread ration      |       |       |       |       |       |     1 ||     1
Armor: Scale mail        |    48 |    41 |    66 |   134 |    20 |       ||   309
       Plate armour      |       |       |       |       |   414 |   298 ||   712
Dodge: Dodged            |    18 |    28 |    55 |   135 |   296 |   176 ||   708
Block: Shield            |    41 |    63 |    92 |   112 |       |       ||   308
       Buckler           |       |       |       |    84 |   430 |   236 ||   750
       Rpst.: Long sword |     6 |     8 |     3 |       |       |     8 ||    25
       Scimitar          |       |       |     9 |    25 |    62 |    15 ||   111
